 Dungeon Crawl Stone Soup version 0.28.0-43-g3370ac3207 (webtiles) character file.

Game seed: 5294528366906152738

5840 crimpus the Protected (level 10, -5/124 HPs)
             Began as a Demigod Fighter on Mar 6, 2022.
             Killed from afar by Maggie (16 damage)
             ... with a bolt of fire
             ... on level 10 of the Dungeon.
             The game lasted 00:15:44 (13537 turns).

crimpus the Protected (Demigod Fighter)            Turns: 13537, Time: 00:15:46

Health: -5/124     AC: 11    Str: 28 (29) XL:     10   Next: 27%
Magic:  13/13      EV: 16    Int:  9 (10) God:
Gold:   325        SH:  9    Dex: 13      Spells: 9/9 levels left

rFire   . . .      SeeInvis +   A - +6 war axe of Distant Worlds {vorpal, *Rage rN+ SInv Stlth+}
rCold   . . .      Faith    .   z - +0 kite shield
rNeg    + . .      Spirit   .   o - +0 chain mail
rPois   .          Reflect  .   (no helmet)
rElec   .          Harm     .   k - scarf {repulsion}
rCorr   .          Rampage  .   (no gloves)
Will    +....      Rage     20% (no boots)
Stlth   ..........              (no amulet)
HPRegen 0.30/turn               l - +4 ring of evasion
MPRegen 0.13/turn               b - +4 ring of evasion

@: berserking, lethally poisoned (-5 -> -32), repel missiles, very quick
A: high MP 1, forlorn, divine attributes
a: no special abilities


You were on level 10 of the Dungeon.
You visited 1 branch of the dungeon, and saw 11 of its levels.

You collected 429 gold pieces.
You spent 104 gold pieces at shops.

Inventory:

Hand Weapons
 d - a +2 mace of protection
 q - a +2 flail of protection
 A - the +6 war axe of Distant Worlds (weapon) {vorpal, *Rage rN+ SInv Stlth+}
   (You found it on level 6 of the Dungeon)

   It inflicts extra damage upon your enemies.
   rN:        It protects you from negative energy.
   SInv:      It lets you see invisible.
   *Rage:     It berserks you when you make melee attacks (+20% chance).
   Stlth:     It makes you more stealthy.
Missiles
 C - 4 throwing nets (quivered)
Armour
 c - a +0 buckler
 e - a +1 cloak
 k - a scarf of repulsion (worn)
 o - a +0 chain mail (worn)
 z - a +0 kite shield (worn)
Jewellery
 b - a +4 ring of evasion (right hand)
 f - an amulet of regeneration
 h - a ring of magical power
 l - a +4 ring of evasion (left hand)
 r - a ring of protection from fire
Wands
 D - a wand of mindburst (29)
 E - a wand of flame (21)
Scrolls
 g - 3 scrolls of magic mapping
 m - 5 scrolls of teleportation
 s - 2 scrolls of identify
 w - a scroll of fog
 y - a scroll of fear
 B - 2 scrolls of blinking
 F - a scroll of amnesia {unknown}
 G - a scroll of immolation {unknown}
Potions
 a - a potion of lignification
 i - a potion of magic
 j - 2 potions of curing
 n - 2 potions of cancellation
 p - a potion of heal wounds
 t - 2 potions of flight
 u - 2 potions of invisibility
 v - 3 potions of might
 x - a potion of resistance {unknown}


   Skills:
 + Level 6.2 Fighting
 + Level 5.8(7.5) Axes
 - Level 7.2(8.2) Maces & Flails
 + Level 8.4 Armour
 + Level 2.3 Dodging
 + Level 5.7 Shields


You had 9 spell levels left.
You didn't know any spells.
Your spell library contained the following spells:

 Spells                   Type           Power      Damage    Failure   Level
 Foxfire                  Conj/Fire      0%         2x1d4     99%         1
 Conjure Flame            Conj/Fire      0%         6-21      100%        3
 Inner Flame              Hex/Fire       0%         N/A       100%        3
 Cause Fear               Hex            0%         N/A       100%        4
 Flame Wave               Conj/Fire      0%         2d4       100%        4
 Conjure Ball Lightning   Conj/Air       0%         3x3d6     100%        6
 Dragon Form              Tmut           0%         N/A       100%        7
 Discord                  Hex            0%         N/A       100%        8
 Disjunction              Tloc           0%         N/A       100%        8
 Dragon's Call            Summ           0%         N/A       100%        9


Dungeon Overview and Level Annotations

Branches:
Dungeon (11/15)            Temple (0/1) D:4
   Lair: D:8-11         Orc: D:9-12

Shops:
D:3 (   D:5 =   D:6 !

Annotations:
D:8 6 transporters
D:10 Maggie, Sonja


Innate Abilities, Weirdness & Mutations

You have an increased reservoir of magic. (+10% MP)
You shall have no god before yourself.
Your divine heritage dramatically boosts your attributes as you level up.


Message History

Sonja is heavily wounded.
You hit Maggie.
You feel extremely sick.
Sonja hits you with a +0 dagger of venom.
You are more poisoned.
Sonja hits you but does no damage. You block Sonja's attack.
Maggie hits you with a +0 long sword!
You miss Sonja.
Sonja is heavily wounded.
You hit Maggie.
You feel very sick.
Sonja zaps a wand.
You suddenly lose the ability to move!
You feel extremely sick. Maggie hits you with a +0 long sword.
Sonja zaps a wand.
You easily resist.
You feel very sick. Sonja hits you but does no damage.
You are more poisoned.
Sonja hits you with a +0 dagger of venom.
You are more poisoned.
Sonja hits you with a +0 dagger of venom.
You are lethally poisoned!
Maggie casts a spell.
Sonja gestures wildly while chanting.
Sonja blinks!
* * * LOW HITPOINT WARNING * * *
You feel extremely sick. Maggie hits you but does no damage.
* * * LOW HITPOINT WARNING * * *
You feel extremely sick.
Sonja zaps a wand.
You shrug off the repeated paralysis!
The now-empty wand crumbles to dust.
Maggie hits you with a +0 long sword.
* * * LOW HITPOINT WARNING * * *
You can move again.
You closely miss Sonja.
Sonja is heavily wounded.
You closely miss Maggie.
* * * LOW HITPOINT WARNING * * *
You feel extremely sick. Maggie gestures at you while chanting.
The bolt of fire hits you!
You die...

.)....####....#### .#
......###........# . #
.............###....#.#
..........#..# #...
..........#..# #..
#.........#..# ##.#
.......###...###.#
......## ###.....# ..
#..##@# #.###K@..# #.#
#.....# ... ....###
.##. ..... ## #.......
.##..... .. ##..##


You could see Maggie and Sonja.

Vanquished Creatures
  Harold (D:7)
  Nergalle (D:10)
  Pikel (D:4)
  An ugly thing (D:11)
  Sigmund (D:3)
  A steam dragon (D:8)
  Menkaure (D:6)
  2 water moccasins (D:6)
  4 necrophages
  2 ogres
  3 centaurs
  2 kobold brigands
  2 bullfrogs
  3 scorpions
  A water moccasin skeleton (D:6)
  8 wights
  5 killer bees (D:7)
  5 howler monkeys
  A bullfrog zombie (D:5)
  2 centaur zombies
  5 hounds
  2 jellies
  Crazy Yiuf (D:4)
  A bullfrog skeleton (D:6)
  A centaur skeleton (D:6)
  A gnoll shaman (D:4)
  An orc priest (D:3)
  An iguana (D:7)
  6 orc wizards
  A scorpion zombie (D:5)
  2 hound skeletons (D:4)
  A howler monkey zombie (D:7)
  10 gnolls (D:4)
  4 adders
  An ufetubus (D:7)
  A worm (D:2)
  4 dart slugs
  26 orcs
  8 ball pythons
  4 endoplasms
  4 giant cockroaches
  3 goblins
  10 hobgoblins
  8 jackals
  20 kobolds
  5 quokkas
  12 bats
  5 frilled lizards (D:1)
  6 rats
201 creatures vanquished.

Vanquished Creatures (others)
  5 plants (D:10)
5 creatures vanquished.

Grand Total: 206 creatures vanquished

Notes
Turn   | Place    | Note
-------+----------+-------------------------------------------
     0 | D:1      | crimpus the Demigod Fighter began the quest for the Orb.
     0 | D:1      | Reached XP level 1. HP: 18/18 MP: 3/3
   424 | D:1      | Reached XP level 2. HP: 25/25 MP: 4/4
  1057 | D:2      | Reached skill level 3 in Armour
  1067 | D:2      | Reached XP level 3. HP: 28/31 MP: 5/5
  1619 | D:2      | Reached skill level 1 in Dodging
  1718 | D:2      | Reached XP level 4. HP: 38/38 MP: 6/6
  2341 | D:3      | Noticed Sigmund
  3349 | D:3      | Found Nofav's Antique Weapon Emporium.
  3427 | D:3      | Killed Sigmund
  3428 | D:3      | Reached XP level 5. HP: 30/45 MP: 7/7
  3428 | D:3      | Reached XP level 6. HP: 34/51 MP: 8/8
  4362 | D:4      | Found a runed translucent door.
  4363 | D:4      | Noticed Crazy Yiuf
  4393 | D:4      | Reached skill level 4 in Armour
  4418 | D:4      | Noticed Pikel
  4465 | D:4      | Killed Pikel
  4466 | D:4      | Reached skill level 5 in Maces & Flails
  4466 | D:4      | Reached skill level 5 in Armour
  4466 | D:4      | Reached XP level 7. HP: 26/58 MP: 9/9
  4876 | D:4      | Killed Crazy Yiuf
  5372 | D:4      | Reached XP level 8. HP: 37/66 MP: 10/10
  5999 | D:4      | Found a staircase to the Ecumenical Temple.
  6139 | D:5      | Entered Level 5 of the Dungeon
  6717 | D:5      | Found Pohaet's Jewellery Shop.
  7214 | D:6      | Reached skill level 6 in Armour
  7272 | D:6      | Found Jullok's Distillery.
  7375 | D:6      | Bought a potion of might for 52 gold pieces
  7375 | D:6      | Bought a potion of might for 52 gold pieces
  7787 | D:6      | Identified the +6 war axe of Distant Worlds {vorpal, *Rage
                  | rN+ SInv Stlth+}
  8085 | D:6      | Reached skill level 5 in Fighting
  8592 | D:7      | Reached XP level 9. HP: 74/74 MP: 11/11
  8633 | D:7      | Noticed Menkaure
  8635 | D:7      | Reached skill level 5 in Shields
  8635 | D:7      | Noticed Harold
  9127 | D:6      | Killed Menkaure
  9128 | D:6      | Reached skill level 1 in Axes
  9383 | D:7      | Killed Harold
  9384 | D:7      | Reached skill level 7 in Armour
 10971 | D:7      | HP: 2/75 [killer bee (7)]
 11729 | D:8      | Found a transporter.
 11730 | D:8      | Found a transporter.
 11915 | D:8      | Found a transporter.
 11929 | D:8      | Found a transporter.
 12042 | D:8      | Reached skill level 8 in Armour
 12462 | D:8      | Found a transporter.
 12468 | D:8      | Found a transporter.
 12875 | D:9      | You fall into a shaft and drop 2 floors!
 12889 | D:11     | Reached XP level 10. HP: 83/83 MP: 13/13
 13029 | D:11     | Noticed a manticore
 13133 | D:11     | Noticed a white ugly thing
 13152 | D:11     | Killed a white ugly thing
 13153 | D:11     | Reached skill level 5 in Axes
 13365 | D:10     | Entered Level 10 of the Dungeon
 13398 | D:10     | Noticed Nergalle
 13409 | D:10     | Killed Nergalle
 13524 | D:10     | Noticed Sonja
 13524 | D:10     | Noticed Maggie
 13532 | D:10     | Paralysed by Sonja for 4 turns
 13537 | D:10     | Killed from afar by Maggie

Illustrated notes

Levels and vault maps discovered:
D:1:      minmay_arrival_stone_box, layout_rooms,
          hellmonk_ecumenical_altar_leap_of_faith
D:2:      minmay_razor_zed, layout_basic, minmay_tall_x
D:3:      layout_rooms, mainiacjoe_overflow_24_doors, serial_shops,
          nicolae_shop_statue_plus, uniq_sigmund
D:4:      layout_gridville, temple_green, uniq_pikel, uniq_crazy_yiuf_cottage
D:5:      layout_loops_corners, serial_shops, shop_fountains, hex_medium,
          item_on_display_a
D:6:      layout_basic, serial_shops, shop, hangedman_decor_opposing
D:7:      layout_layer_cave, uniq_harold, uniq_menkaure
D:8:      layout_loops_cross, serial_nicolae_subway,
          nicolae_sub_station_crystal, nicolae_sub_station_stone,
          nicolae_sub_station_metal
D:9:      layout_basic, orc_david_3, minivault_25, minivault_23, uniq_joseph,
          uniq_grum
D:10:     layout_layer_cave, lemuel_round_altar, nicolae_overflow_hidden_temple,
          serial_bayou_ford_a, uniq_maggie, uniq_urug, uniq_sonja, uniq_nergalle
D:11:     layout_loops_corners, lair_entry_dummy, gammafunk_ghost_hive,
          minmay_misc_feat_tiny, minmay_tree_intersection, minivault_24

Skill      XL: |  1  2  3  4  5  6  7  8  9 10 |
---------------+-------------------------------+-----
Shields        | 3 4 5 |  5.7
Maces & Flails | 2 3 5 7 |  7.2
Fighting       | 3 4 5 6 |  6.2
Armour         | 3 5 6 8 |  8.4
Dodging        | 1 2 |  2.3
Axes           | 4 5 |  5.8

Action                   |  1- 3 |  4- 6 |  7- 9 | 10-12 || total
-------------------------+-------+-------+-------+-------++-------
Melee: Flail             |    98 |       |       |       ||    98
       Whip              |    79 |   165 |       |       ||   244
       Mace              |       |    24 |   250 |       ||   274
       War axe           |       |       |   145 |    27 ||   172
  Use: Scroll            |     1 |     3 |     5 |       ||     9
       Potion            |       |     7 |     8 |       ||    15
Armor: Scale mail        |   124 |    14 |       |       ||   138
       Chain mail        |       |    79 |   161 |     9 ||   249
Dodge: Dodged            |   141 |   142 |   395 |    18 ||   696
       Repelled          |       |       |     2 |       ||     2
Block: Buckler           |    71 |    51 |    96 |       ||   218
       Kite shield       |       |       |    16 |    11 ||    27
